 Dungeon Sprint DCSS version 0.23-a0-241-g3b46b07 (webtiles) character file.

218 emperorscorpion the Protected (level 5, -5/53 HPs)
             Began as a Minotaur Fighter on Sept 27, 2018.
             Was a Believer of Cheibriados.
             Slain by an orc warrior
             ... wielding a cursed -3 halberd
              (10 damage)
             ... in the Dungeon (Sprint IX: "|||||||||||||||||||||||||||||").
             The game lasted 00:01:32 (131 turns).

emperorscorpion the Protected (Minotaur Fighter)     Turns: 131, Time: 00:01:32

Health: -5/53      AC:  9    Str: 27    XL:     5   Next: 63%
Magic:  4/4        EV: 11    Int: 10    God:    Cheibriados [**....]
Gold:   0          SH: 12    Dex: 17    Spells: 4/4 levels left

rFire    . . .     SeeInvis .   a - +2 scimitar (flame)
rCold    . . .     Gourm    .   c - +0 shield
rNeg     . . .     Faith    .   b - +0 scale mail
rPois    .         Spirit   .   (helmet restricted)
rElec    .         Reflect  .   (no cloak)
rCorr    .         Harm     .   r - +0 pair of gloves
MR       .....     NoTele   +   (no boots)
Stlth    ..........             (no amulet)
HPRegen  0.17/turn              u - +2 ring of evasion
MPRegen  0.09/turn              v - +3 ring of dexterity

@: very slow
A: retaliatory headbutt, horns 2
a: Bend Time, Renounce Religion


You were in the Dungeon.
You worshipped Cheibriados.
Cheibriados was pleased with you.
You were not hungry.

You visited 1 branch

Inventory:

Hand Weapons
 a - a +2 scimitar of flaming (weapon)
 q - a +0 long sword
Armour
 b - a +0 scale mail (worn)
 c - a +0 shield (worn)
 r - a +0 pair of gloves (worn)
 s - a +0 helmet
 t - a +2 ring mail
Magical Staves
 p - an uncursed staff of energy
Jewellery
 u - a +2 ring of evasion (left hand)
 v - a +3 ring of dexterity (right hand)
Wands
 o - a wand of acid (10)
Scrolls
 k - 2 scrolls of blinking
 m - 3 scrolls of remove curse
 n - 2 scrolls of amnesia
Potions
 d - a potion of might
 e - 5 potions of curing
 g - 3 potions of heal wounds
 h - a potion of haste
 i - 4 potions of magic
 l - a potion of invisibility
Comestibles
 f - a ration
 j - 3 chunks of flesh


   Skills:
 + Level 7.9 Fighting
 + Level 7.4 Long Blades
 + Level 8.0 Armour
 + Level 0.4 Dodging
 + Level 7.7 Shields


You had 4 spell levels left.
You didn't know any spells.
Your spell library was empty.

Dungeon Overview and Level Annotations

Branches:
Dungeon (1/1)

Altars:
Cheibriados
Dithmenos
Elyvilon
Fedhas
Gozag
Hepliaklqana
Kikubaaqudgha
Makhleb
Nemelex Xobeh
Okawaru
Qazlal
Ru
Sif Muna
Trog
Uskayaw
Vehumet
Wu Jian
Xom
Yredelemnul
Zin
The Shining One
Beogh
Jiyva
Lugonu


Innate Abilities, Weirdness & Mutations

You reflexively headbutt those who attack you in melee.
You have a pair of horns on your head.


Message History

There is an open door to the Dungeon, spattered with blood here.
You see here a hound corpse.
You butcher the hound corpse.
j - 3 chunks of flesh (gained 2)
There is an open door to the Dungeon, spattered with blood here.
You see here a hound skeleton.
You open the door.
A manticore, an ugly thing, 2 orc warriors and 2 trolls come into view.
The orc warrior shouts! x2; The troll shouts!
You hit the troll but do no damage. You headbutt the troll!
The troll is moderately wounded.
You block the troll's attack. The troll claws you but does no damage.
The troll claws you.
The orc warrior hits you from afar with an enchanted halberd.
You slice the troll!! You burn the troll. Your headbutt misses the troll.
The troll is almost dead.
The troll bites you. You block the troll's attack. The troll claws you!
* * * LOW HITPOINT WARNING * * *
The orc warrior hits you from afar with an enchanted halberd!
You die... ▓▓▓▓▓▓▓▓▓▓▓▓▓▓▓▓▓▓▓▓▓▓▓▓ '...).....÷.....@ToHuoT. ▓▓▓▓▓▓▓▓▓▓▓▓▓▓▓▓▓▓▓▓▓▓▓▓

You could see a red ugly thing, a manticore, 2 trolls and 2 orc warriors.

Vanquished Creatures
  A sky beast (D)
  A hound (D)
  A jelly (D)
  2 worker ants (D)
  An adder (D)
  An adder skeleton (D)
  2 orcs (D)
  A bat zombie (D)
  A goblin (D)
  A bat (D)
  A jackal zombie (D)
  3 kobolds (D)
16 creatures vanquished.

Notes
Turn   | Place    | Note
-------+----------+-------------------------------------------
     0 | D        | emperorscorpion the Minotaur Fighter began the quest for
                  | the Orb.
     0 | D        | Reached XP level 1. HP: 19/19 MP: 0/0
     8 | D        | Reached skill level 4 in Armour
    27 | D        | Noticed a sky beast
    27 | D        | Noticed a worker ant
    27 | D        | Noticed a worker ant
    36 | D        | Killed a sky beast
    36 | D        | Reached skill level 5 in Long Blades
    36 | D        | Reached skill level 6 in Armour
    36 | D        | Reached XP level 2. HP: 22/31 MP: 1/1
    36 | D        | Reached XP level 3. HP: 28/38 MP: 2/2
    36 | D        | Reached XP level 4. HP: 32/45 MP: 3/3
    42 | D        | Reached skill level 7 in Armour
    45 | D        | Reached XP level 5. HP: 31/52 MP: 4/4
    53 | D        | Found a roughly hewn altar of Beogh.
    53 | D        | Found a snail-covered altar of Cheibriados.
    53 | D        | Found a shadowy altar of Dithmenos.
    53 | D        | Found a white marble altar of Elyvilon.
    53 | D        | Found a blossoming altar of Fedhas.
    53 | D        | Found an opulent altar of Gozag.
    54 | D        | Found a hazy altar of Hepliaklqana.
    55 | D        | Found a viscous altar of Jiyva.
    56 | D        | Found an ancient bone altar of Kikubaaqudgha.
    57 | D        | Became a worshipper of Cheibriados the Contemplative
    58 | D        | Found a corrupted altar of Lugonu.
    59 | D        | Found a burning altar of Makhleb.
    60 | D        | Found a sparkling altar of Nemelex Xobeh.
    61 | D        | Found an iron altar of Okawaru.
    62 | D        | Found a stormy altar of Qazlal.
    63 | D        | Found a sacrificial altar of Ru.
    64 | D        | Found a deep blue altar of Sif Muna.
    65 | D        | Found a bloodstained altar of Trog.
    66 | D        | Found a hide-covered altar of Uskayaw.
    67 | D        | Found a radiant altar of Vehumet.
    68 | D        | Found an ornate altar of the Wu Jian Council.
    69 | D        | Found a shimmering altar of Xom.
    70 | D        | Found a basalt altar of Yredelemnul.
    71 | D        | Found a glowing silver altar of Zin.
    72 | D        | Found a glowing golden altar of the Shining One.
   113 | D        | Reached * piety under Cheibriados
   118 | D        | Reached ** piety under Cheibriados
   119 | D        | Reached skill level 8 in Armour
   129 | D        | Noticed a troll
   129 | D        | Noticed an orc warrior
   129 | D        | Noticed a manticore
   129 | D        | Noticed an orc warrior
   129 | D        | Noticed a red ugly thing
   129 | D        | Noticed a troll
   131 | D        | Slain by an orc warrior

Vault maps used:
D:        linesprint

Skill      XL: |  1  2  3  4  5 |
---------------+----------------+-----
Fighting       | 6 7 |  7.9
Armour         | 6 7 8 |  8.0
Shields        | 6 7 |  7.7
Long Blades    | 5 6 7 |  7.4
Dodging        | |  0.4

Action                   |  1- 3 |  4- 6 || total
-------------------------+-------+-------++-------
Melee: Long sword        |    25 |     8 ||    33
       Headbutt          |     2 |     4 ||     6
       Scimitar          |       |    12 ||    12
  Use: Potion            |     1 |       ||     1
Armor: Scale mail        |     7 |     5 ||    12
Dodge: Dodged            |     5 |       ||     5
Block: Shield            |     9 |     8 ||    17
       Rpst.: Long sword |     3 |       ||     3

Table legend:
 A = Non-vault XP
 B = Vault XP
 C = Vault XP percentage of total XP
 D = Non-vault monster count
 E = Vault monster count
 F = Vault count percentage of total count
                 A         B        C        D         E       F
            +---------+---------+-------+---------+---------+-------
      Total |       0 |     312 | 100.0 |       0 |      16 | 100.0
            +---------+---------+-------+---------+---------+-------
          D |       0 |     312 | 100.0 |       0 |      16 | 100.0
            +---------+---------+-------+---------+---------+-------
